 Dungeon Crawl Stone Soup version 0.28-a0-429-g1448048969 (webtiles) character file.

Game seed: 4742802892620439759

2671 mathmaestro the Ruffian (level 9, -9/133 HPs)
             Began as a Troll Monk on Sept 11, 2021.
             Mangled by Joseph (14 damage)
             ... on level 7 of the Dungeon.
             The game lasted 00:09:51 (4996 turns).

mathmaestro the Ruffian (Troll Monk)                Turns: 4996, Time: 00:09:52

Health: -9/133     AC: 20    Str: 24    XL:     9   Next: 37%
Magic:  8/8        EV:  1    Int:  6    God:
Gold:   253        SH:  0    Dex: 12    Spells: 8/8 levels left

rFire   + . .      SeeInvis .     - Unarmed
rCold   . . .      Faith    .   (no shield)
rNeg    + + +      Spirit   .   (armour currently unavailable)
rPois   +          Reflect  .   (helmet currently unavailable)
rElec   .          Harm     .   (cloak currently unavailable)
rCorr   .          Rampage  .   (gloves unavailable)
Will    .....      NoTele   +   (boots unavailable)
Stlth   ++........              (no amulet)
HPRegen 1.32/turn               f - ring of protection from fire
MPRegen 0.11/turn               (no ring)

@: tree-form, corroded, attractive, very slightly contaminated, invisible
A: stationary, stasis, torment immunity, boosted hp, large, unfitting armour,
(claws 3), regeneration 1, (shaggy fur 1), (tough skin 1), (deformed body)
a: no special abilities


You were on level 7 of the Dungeon.
You were a tree.
You visited 2 branches of the dungeon, and saw 8 of its levels.

You collected 331 gold pieces.
You spent 78 gold pieces at shops.

Inventory:

Hand Weapons
 q - a +2 scimitar
 u - a +5 spear of freezing
Missiles
 b - 108 sling bullets
 d - 130 stones (quivered)
 l - 46 arrows
 o - 3 boomerangs
 r - a throwing net
 s - 32 bolts
Armour
 e - a +0 troll leather armour (melded)
Jewellery
 f - a ring of protection from fire (left branch)
Wands
 c - a wand of iceblast (8)
Scrolls
 i - 2 scrolls of blinking
 n - 2 scrolls of teleportation
 p - a scroll of enchant armour
Potions
 a - a potion of attraction
 h - a potion of haste
 k - a potion of invisibility
 t - 2 potions of brilliance


   Skills:
 + Level 5.9 Fighting
 + Level 5.1 Armour
 + Level 5.9 Dodging
 - Level 1.0 Stealth
 + Level 7.0 Unarmed Combat


You had 8 spell levels left.
You didn't know any spells.
Your spell library contained the following spells:

 Spells                   Type           Power      Damage    Failure   Level
 Magic Dart               Conj           0%         1d3       45%         1
 Call Imp                 Summ           0%         N/A       58%         2
 Searing Ray              Conj           0%         2d4       58%         2
 Mephitic Cloud           Conj/Pois/Air  0%         N/A       83%         3
 Fulminant Prism          Conj/Hex       0%         3d6       99%         4


Dungeon Overview and Level Annotations

Branches:
Dungeon (7/15)             Temple (1/1) D:5

Altars:
Ashenzari
Dithmenos
Elyvilon
Fedhas
Gozag
Hepliaklqana
Kikubaaqudgha
Makhleb
Nemelex Xobeh
Okawaru
Ru
Trog
Wu Jian
Xom
Yredelemnul
Zin
The Shining One

Shops:
D:1 (   D:3 *   D:5 *

Annotations:
D:7 Joseph


Innate Abilities, Weirdness & Mutations

You are a tree.
Your roots penetrate the ground, keeping you stationary.
You cannot be teleported.
You are immune to unholy pain and torment.
Your maximum health is greatly increased.
Your equipment is partially melded.
You are too large for most types of armour.
((You have claws for hands.))
Your natural rate of healing is unusually fast.
((You are covered in fur. (AC +1)))
((You have tough skin. (AC +1)))
((Armour fits poorly on your strangely shaped body.))


Message History

Unknown command.
You feel better.
Joseph hits you with a +2 quarterstaff of distortion!
* * * LOW HITPOINT WARNING * * *
You blink.
Unknown command.
Unknown command.
You start resting.
Joseph is nearby!
You start resting.
Joseph is nearby!
You start resting.
Joseph is nearby!
You claw Joseph!
Joseph is moderately wounded.
Joseph zaps a wand.
The bolt of acid hits you!
* * * LOW HITPOINT WARNING * * *
The acid corrodes you!
You barely miss Joseph.
Joseph is moderately wounded.
You barely miss Joseph.
Joseph is moderately wounded.
Joseph hits you with a +2 quarterstaff of distortion!!
* * * LOW HITPOINT WARNING * * *
It was a potion of attraction.
You feel attractive to monsters.
Joseph zaps a wand.
The bolt of acid misses you.
You fade into invisibility!
Joseph zaps a wand.
The bolt of acid misses you.
You are very lightly contaminated with residual magic.
You claw Joseph!
Joseph is heavily wounded.
Joseph hits you with a +2 quarterstaff of distortion.
* * * LOW HITPOINT WARNING * * *
Really quaff the potion of lignification?
You turn into a tree.
Your +0 troll leather armour melds into your body.
Your roots penetrate the ground.
Joseph hits you but does no damage. Space warps horribly around you!
You die...

### ..##
###########
...######.........#
..............[...#
...........##.##..#
.....##.##.#...#..#
.....#...#.....@.##
..)............#♣#
...#.#...#.##@##.##
..##.##..#........#
####........#.)##.#
..###.##.##.#...#)#
....[.#..........)#
............#...#.#
....).#...#.##.##.#
......##.##.......#


You could see Joseph.

Vanquished Creatures
  A troll (D:6)
  Prince Ribbit (D:5)
  Duvessa (D:7)
  A hornet zombie (D:7)
  A necrophage (D:7)
  3 ogres
  3 phantoms
  A kobold brigand (D:7)
  A bullfrog (D:6)
  3 scorpions
  Dowan (D:7)
  A water moccasin zombie (D:5)
  2 water moccasin skeletons
  7 wights
  A howler monkey (D:6)
  A bullfrog zombie (D:5)
  2 hounds
  A centaur skeleton (D:4)
  A jelly (D:5)
  An orc priest (D:7)
  A gnoll shaman (D:4)
  4 iguanas
  2 orc wizards
  3 howler monkey zombies
  5 gnolls (D:4)
  8 adders
  A shadow imp (D:6)
  2 white imps (D:6)
  An ufetubus (D:5)
  A worm (D:3)
  2 dart slugs
  12 orcs
  5 endoplasms
  4 giant cockroaches
  8 hobgoblins
  14 jackals
  5 quokkas
  9 ball pythons
  6 bats
  3 frilled lizards
  8 goblins
  10 kobolds
  4 rats
152 creatures vanquished.

Vanquished Creatures (others)
  A demonic plant (D:1)
1 creature vanquished.

Grand Total: 153 creatures vanquished

Notes
Turn   | Place    | Note
-------+----------+-------------------------------------------
     0 | D:1      | mathmaestro the Troll Monk began the quest for the Orb.
     0 | D:1      | Reached XP level 1. HP: 22/22 MP: 0/0
    48 | D:1      | Found Pexemucs's Weapon Shop.
    66 | D:1      | Reached XP level 2. HP: 25/29 MP: 1/1
   250 | D:1      | Found a faded altar of an unknown god.
   563 | D:2      | Reached XP level 3. HP: 36/36 MP: 2/2
   660 | D:2      | Reached skill level 1 in Armour
   816 | D:2      | Reached XP level 4. HP: 37/44 MP: 3/3
  1102 | D:3      | Found an ancient bone altar of Kikubaaqudgha.
  1254 | D:3      | Found a blossoming altar of Fedhas.
  1385 | D:3      | Found Busid's General Store.
  1395 | D:3      | Bought a potion of curing for 39 gold pieces
  1395 | D:3      | Bought a scroll of teleportation for 39 gold pieces
  1420 | D:3      | Found a white marble altar of Elyvilon.
  1627 | D:3      | Reached XP level 5. HP: 22/53 MP: 4/4
  1924 | D:4      | Found an ornate altar of the Wu Jian Council.
  1971 | D:4      | Noticed a phantom
  1980 | D:4      | Killed a phantom
  1981 | D:4      | Reached skill level 4 in Unarmed Combat
  2040 | D:4      | Reached XP level 6. HP: 61/61 MP: 5/5
  2475 | D:5      | Entered Level 5 of the Dungeon
  2489 | D:5      | Reached XP level 7. HP: 24/68 MP: 6/6
  2546 | D:5      | Found an opulent altar of Gozag.
  2649 | D:5      | Reached skill level 5 in Unarmed Combat
  2731 | D:5      | Found Zin's Purification Station.
  2736 | D:5      | Found a glowing silver altar of Zin.
  2769 | D:5      | Gained mutation: Armour fits poorly on your strangely
                  | shaped body. [potion of mutation]
  2771 | D:5      | Noticed Prince Ribbit
  3051 | D:5      | Reached XP level 8. HP: 68/79 MP: 7/7
  3185 | D:5      | Found a staircase to the Ecumenical Temple.
  3297 | D:5      | Killed Prince Ribbit
  3485 | Temple   | Entered the Ecumenical Temple
  3994 | D:6      | Reached skill level 5 in Fighting
  3994 | D:6      | Reached skill level 5 in Dodging
  3994 | D:6      | Reached skill level 6 in Unarmed Combat
  4291 | D:6      | Found a glowing golden altar of the Shining One.
  4494 | D:6      | Found a sacrificial altar of Ru.
  4585 | D:7      | Noticed a troll
  4587 | D:7      | Noticed Joseph
  4593 | D:6      | HP: 2/80 [troll (10)]
  4663 | D:6      | Killed a troll
  4754 | D:7      | Reached XP level 9. HP: 75/88 MP: 8/8
  4847 | D:7      | Reached skill level 5 in Armour
  4957 | D:7      | Noticed Dowan
  4958 | D:7      | Noticed Duvessa
  4962 | D:7      | Killed Duvessa
  4963 | D:7      | Reached skill level 7 in Unarmed Combat
  4972 | D:7      | Killed Dowan
  4992 | D:7      | HP: 2/89 [Joseph (18)]
  4996 | D:7      | Mangled by Joseph

Illustrated notes

Levels and vault maps discovered:
D:1:      ebering_hopf_link, layout_rooms, serial_shops, shop, serial_curves,
          eino_curves_03, eino_curves_01, shapermc_ecumenical_altar_gd,
          amethyst_killhole
D:2:      layout_rooms
D:3:      minmay_general_purpose_star, layout_loops_ring, elyvilon_altar_1,
          nicolae_overflow_crystal_walls,
          mainiacjoe_overflow_concentric_impassable, serial_shops, shop,
          wad_floor_pattern_2
D:4:      layout_loops_cross, mainiacjoe_overflow_six_doors_small
D:5:      layout_basic, kennysheep_mini, zin_purify,
          minmay_temple_entry_enclosed_plants, minivault_27, water_maze_lemuel,
          uniq_prince_ribbit1
D:6:      layout_cave_pools, nicolae_tso_swordbearing_angel,
          nicolae_ru_path_of_blood
D:7:      layout_rooms, ebering_ghost_reflecting_pool,
          hangedman_decor_clover_reticule, uniq_duvessa, uniq_joseph
Temple:   jpeg_temple_island

Skill      XL: |  1  2  3  4  5  6  7  8  9 |
---------------+----------------------------+-----
Armour         | 1 2 3 4 5 |  5.1
Dodging        | 3 4 5 |  5.9
Fighting       | 3 4 5 |  5.9
Unarmed Combat | 4 5 6 7 |  7.0
Stealth        | |  1.0

Action                   |  1- 3 |  4- 6 |  7- 9 || total
-------------------------+-------+-------+-------++-------
Melee: Unarmed           |   103 |   150 |   237 ||   490
       Punch             |       |     4 |    13 ||    17
Throw: Stone             |       |       |     3 ||     3
Evoke: Wand              |       |       |     3 ||     3
  Use: Scroll            |     2 |     5 |     4 ||    11
       Potion            |       |       |     9 ||     9
 Stab: Sleeping          |     2 |     2 |       ||     4
       Distracted        |       |     1 |       ||     1
Armor: Robe              |    37 |    44 |    25 ||   106
       Troll leather arm |       |       |    18 ||    18
       Skin              |       |       |     1 ||     1
Dodge: Dodged            |    59 |    86 |   140 ||   285

Table legend: (Time is in decaauts)
 A = Elapsed time spent in this place.
 B = Non-inter-level travel time spent in this place.
 C = Inter-level travel time spent in this place.
 D = Time resting spent in this place.
 E = Time spent auto-exploring this place.
 F = Levels seen in this place.
 G = Mean time per level.
                   A        B        C        D        E       F      G
               +--------+--------+--------+--------+--------+-----+--------+
         Total |   4995 |   4664 |    331 |    350 |   3223 |   8 |  624.4 |
       Dungeon |   4741 |   4415 |    326 |    350 |   2979 |   7 |  677.3 |
        Temple |    254 |    250 |      4 |      0 |    244 |   1 |  254.0 |
               +--------+--------+--------+--------+--------+-----+--------+

Top non-repeatable levels by time:
     D:5: 1233 daAuts
     D:3: 893 daAuts
     D:6: 835 daAuts
     D:4: 610 daAuts
     D:1: 515 daAuts
     D:2: 439 daAuts
  Temple: 254 daAuts
     D:7: 214 daAuts
